Map: Frozen Temple

Players

Dasman - Winner!

  • Race: Zerg Zerg
  • League: Gold
  • Spawn Location: 11:00

Fropez

  • Race: Protoss Protoss
  • League: Gold
  • Spawn Location: 5:00

VOD

Have the link to the VOD?

Description

Time

  • Played on: Oct. 22, 2016, 2:28 p.m.
  • Length: 7:35
Show
View Real Time Build Order
Export as new Build Order

Dasman Zerg - Winner!

Build Orders: Hatch First 

Get SALT Encoding   

  12  0:02  Drone  
  13  0:12  Extractor  
  13  0:13  Drone  
  13  0:17  Extractor  
  13  0:18  Drone  
  15  0:28  Overlord  
  15  0:55  Hatchery  
  14  1:02  Extractor  
  13  1:05  Spawning Pool  
  13  1:07  Drone  
  13  1:11  Drone  
  13  1:15  Drone  
  15  1:24  Drone  
  16  1:30  Drone  
  17  1:47  Overlord  
  17  1:52  Queen  
  19  2:03  Zergling x4  
  19  2:05  Metabolic Boost  
  21  2:11  Queen  
  24  2:15  Drone  
  24  2:18  Drone  
  25  2:46  Drone x4  
  25  2:47  Drone x2  
  31  2:56  Extractor  
  30  3:03  Baneling Nest  
  29  3:09  Drone x2  
  29  3:10  Drone  
  32  3:13  Drone x3  
  35  3:36  Overlord  
  35  3:37  Overlord x4  
  35  3:40  Overlord  
  35  3:58  Zergling x4  
  35  3:59  Zergling x4  
  39  4:07  Zergling x2  
  39  4:08  Zergling x12  
  45  4:41  Zergling x12  
  45  4:42  Zergling x8  
  54  5:13  Zergling x6  
  54  5:14  Zergling x14  
  63  5:24  Baneling  
  63  5:25  Baneling x8  
  63  5:26  Baneling x12  
  63  5:27  Baneling x9  
  63  5:33  Spine Crawler  
  60  6:09  Queen  
  63  6:11  Drone x2  
  63  6:12  Drone x3  
  66  6:18  Hatchery  
  50  6:51  Zergling x6  
  50  6:52  Zergling x18  
  56  7:17  Baneling  
  56  7:18  Baneling  
  56  7:28  Extractor  
  56  7:29  Extractor  
Show
View Real Time Build Order
Export as new Build Order

Fropez Protoss 

Build Orders: Nexus First 

Get SALT Encoding   

  12  0:03  Probe (Chrono Boost)  
  13  0:15  Probe (Chrono Boost)  
  13  0:19  Pylon  
  14  0:25  Probe (Chrono Boost)  
  15  0:37  Probe (Chrono Boost)  
  16  0:57  Nexus  
  16  1:02  Probe (Chrono Boost)  
  17  1:08  Assimilator  
  17  1:13  Probe (Chrono Boost)  
  18  1:23  Gateway  
  18  1:24  Probe (Chrono Boost)  
  19  1:36  Probe (Chrono Boost)  
  19  1:37  Pylon  
  20  1:47  Probe (Chrono Boost)  
  21  1:56  Gateway  
  21  1:59  Probe (Chrono Boost)  
  22  2:03  Assimilator  
  22  2:09  Probe (Chrono Boost)  
  22  2:10  Probe (Chrono Boost)  
  24  2:20  Cybernetics Core  
  24  2:23  Probe (Chrono Boost)  
  24  2:29  Probe (Chrono Boost)  
  26  2:35  Probe (Chrono Boost)  
  26  2:45  Gateway  
  26  2:48  Probe (Chrono Boost)  
  27  2:57  Mothership Core (Chrono Boost)  
  29  3:01  Adept x2  
  29  3:03  Probe (Chrono Boost)  
  34  3:08  Assimilator  
  34  3:11  Warp Gate (Chrono Boost)  
  34  3:14  Probe (Chrono Boost)  
  35  3:36  Pylon  
  35  3:49  Probe  
  35  3:50  Twilight Council, Probe  
  35  3:52  Pylon  
  37  3:56  Adept x2  
  37  3:57  Adept  
  43  4:04  Probe  
  43  4:07  Probe  
  45  4:16  Probe  
  46  4:21  Assimilator  
  46  4:23  Probe  
  47  4:25  Pylon  
  47  4:26  Resonating Glaives (Chrono Boost)  
  47  4:37  Adept x2  
  47  4:38  Adept  
  53  4:41  Probe  
  53  4:43  Probe  
  53  4:54  Probe  
  53  4:55  Probe  
  55  5:06  Probe, Gateway  
  56  5:07  Probe  
  57  5:36  Probe x2  
  57  5:37  Robotics Facility  
  57  5:39  Robotics Facility  
  57  5:42  Adept x2  
  61  5:55  Adept  
  61  5:56  Probe  
  61  5:57  Probe  
  59  6:06  Pylon  
  59  6:08  Probe  
  59  6:09  Probe  
  61  6:19  Forge  
  61  6:20  Probe  
  61  6:21  Probe  
  48  6:26  Forge  
  48  6:27  Pylon  
  43  6:35  Adept x2  
  43  6:36  Probe x2  
  22  6:58  Probe  
  19  7:06  Pylon  
  19  7:07  Pylon  
  19  7:14  Probe  
  19  7:15  Probe  
  21  7:17  Photon Cannon  
  21  7:24  Pylon  
  21  7:34  Pylon  
Tags
 
Add a new tag
Caveats
  • Supply blocks, unpowered buildings, or Contaminate may cause inaccurate times.
  • Supply counts are checked every 10 seconds.